 Dungeon Sprint DCSS version 0.30-a0-177-g1cb5dbfd7a (webtiles) character file.

Game seed: 13471805890776333741

26 mhtbhm the Digger (level 2, -3/13 HPs)
             Began as a Spriggan Earth Elementalist on Oct 3, 2022.
             Slain by a water elemental (16 damage)
             ... in the Dungeon (Sprint III: "The Ten Rune Challenge").
             The game lasted 00:01:13 (290 turns).

mhtbhm the Digger (Spriggan Earth Elementalist)      Turns: 290, Time: 00:01:13

Health: -3/13      AC:  4    Str:  8    XL:     2   Next: 89%
Magic:  6/8        EV: 18    Int: 15    God:
Gold:   32         SH:  0    Dex: 14    Spells: 8/9 levels left

rFire   . . .      SeeInvis +    (weapon restricted)
rCold   . . .      Faith    .    (no shield)
rNeg    . . .      Spirit   .    a - +0 robe
rPois   .          Reflect  .    (helmet restricted)
rElec   .          Harm     .    (no cloak)
rCorr   .          Rampage  .    (gloves unavailable)
Will    .....      Clarity  +    (boots unavailable)
Stlth   ++........ NoTele   +    (no amulet)
HPRegen 0.22/turn                (no ring)
MPRegen 0.11/turn                (no ring)

@: very slightly contaminated, very quick
A: very small, no large weapons, unfitting armour, see invisible, speed 3, horns
1, iridescent scales 1, clarity, strong 1
a: no special abilities


You were in the Dungeon.
You visited 1 branch You collected 32 gold pieces.

Inventory:

Armour
 a - a +0 robe (worn)
Scrolls
 d - 2 scrolls of torment {unknown}
 g - a scroll of blinking
 i - 2 scrolls of identify {unknown}
Potions
 b - 2 potions of magic
 c - 2 potions of curing
 e - a potion of haste
 f - a potion of berserk rage
 h - a potion of attraction {unknown}
 j - 4 potions of flight
 k - 3 potions of mutation


   Skills:
 + Level 3.8 Dodging
 + Level 3.5 Stealth
 + Level 4.4 Spellcasting
 + Level 1.3 Transmutations
 + Level 4.8 Earth Magic


You had 8 spell levels left.
You knew the following spells:

 Your Spells              Type           Power      Damage    Failure   Level
a - Sandblast             Erth           34%        2d9       2%          1

Your spell library contained the following spells:

 Spells                   Type           Power      Damage    Failure   Level
 Passwall                 Tmut/Erth      10%        N/A       8%          2
 Stone Arrow              Conj/Erth      20%        3d8       19%         3
 Petrify                  Tmut/Erth      12%        N/A       43%         4


Dungeon Overview and Level Annotations

Branches:
Dungeon (1/1)

Altars:


Innate Abilities, Weirdness & Mutations

You are very small and have problems with some larger weapons.
You are too small for most types of armour.
You have supernaturally acute eyesight. (SInv)
You cover ground extremely quickly. (Speed+++)
You have a pair of small horns on your head.
You are partially covered in iridescent scales. (AC +2)
You possess an exceptional clarity of mind.
Your muscles are strong. (Str +4, Int/Dex -1)


Message History

a potion of mutation; 2 potions of mutation
d - 2 scrolls labelled ONEMOP WAMUIDIZING (gained 1)
i - 2 scrolls labelled DUR FERO NOLO (gained 1)
c - 2 potions of curing (gained 1);
j - 4 potions of flight (gained 2)
You see here a potion of mutation.
You now have 32 gold pieces (gained 15).
You see here a potion of mutation.
k - a potion of mutation Sorry, you're not good enough to have a special ability.
k - 2 potions of mutation (gained 1);
k - 4 potions of mutation (gained 2) Really quaff the potion of mutation? [Y]es or [N]o only, please.
Really quaff the potion of mutation? [Y]es or [N]o only, please.
Really quaff the potion of mutation?
You feel extremely strange.
You feel stronger.
Iridescent scales grow over part of your body.
Your thoughts seem clearer.
A pair of horns grows on your head!
There is an open door here.
Unknown command.
Casting: Sandblast (safe; 2% risk of failure)
Confirm with . or Enter, or press ? or * to list all spells.
Aiming: Sandblast (safe; 2% risk of failure)
Press: ? - help, Shift-Dir - straight line, f - water elemental
Aim: a water elemental (89% to hit)
You miscast Sandblast.
You are very lightly contaminated with residual magic.
Nothing appears to happen.
Unknown command.
Casting: Sandblast (safe; 2% risk of failure)
Confirm with . or Enter, or press ? or * to list all spells.
Aiming: Sandblast (safe; 2% risk of failure)
Press: ? - help, Shift-Dir - straight line, f/p - water elemental
Aim: a water elemental (89% to hit)
The blast of sand hits the water elemental!
The water elemental is moderately damaged.
The water elemental hits you!
Ouch! That really hurt!
You die...

▓▓▓▓▓▓▓▓▓ ▓▓▓
▓<..#...#### ##.#
▓...#......#####..#
▓..##.†.....#..#..#
▓##.##.##...#..#..###+#+#
##†##.###..##'#..#......
▓#.####.##..###...'.⌠....
▓.###†.##..####...#...###
▓#.....##..###.@E.# ⌠.#
###..##†..##.....# .#
##..##....#......# #
#..###..##.#.....# #..#
#..#####....# ▓▓▓▓ ▓▓▓▓
▓▓▓▓▓▓


You could see a water elemental.

Vanquished Creatures
  A human (D)
  A phantom (D)
  An endoplasm (D)
  3 rats (D)
6 creatures vanquished.

Notes
Turn   | Place    | Note
-------+----------+-------------------------------------------
     0 | D        | mhtbhm the Spriggan Earth Elementalist began the quest for
                  | the Orb.
     0 | D        | Reached XP level 1. HP: 9/9 MP: 5/5
   118 | D        | Reached XP level 2. HP: 13/13 MP: 0/7
   261 | D        | Noticed a water elemental
   279 | D        | Gained mutation: Your muscles are strong. (Str +4, Int/Dex
                  | -1) [potion of mutation]
   279 | D        | Gained mutation: You are partially covered in iridescent
                  | scales. (AC +2) [potion of mutation]
   279 | D        | Gained mutation: You possess an exceptional clarity of
                  | mind. [potion of mutation]
   279 | D        | Gained mutation: You have a pair of small horns on your
                  | head. [potion of mutation]
   290 | D        | Slain by a water elemental

Illustrated notes

Levels and vault maps discovered:
D:        dungeon_sprint_mu [sprint_mu_entry_cave, sprint_mu_temple_rooms,
          sprint_mu_d1_spiders, sprint_mu_d2_genie, sprint_mu_d3_branching,
          sprint_mu_orc_legion, sprint_mu_elf_gauntlet, sprint_mu_hive_nellie,
          sprint_mu_lair_fedhas, sprint_mu_vaults_butterflies,
          sprint_mu_slime_circle, sprint_mu_swamp_cave, sprint_mu_snake_twists,
          sprint_mu_blade_basic, sprint_mu_crypt_chambers,
          sprint_mu_tomb_spiral, sprint_mu_vestibule_basic,
          sprint_mu_gehenna_hellfire, sprint_mu_dis_giant,
          sprint_mu_tartarus_statrot, sprint_mu_cocytus_islands, sprint_mu_zot1]

Skill      XL: |  1  2 |
---------------+-------+-----
Earth Magic    | 4 |  4.8
Dodging        | 3 |  3.8
Spellcasting   | 3 4 |  4.4
Stealth        | |  3.5
Transmutations | |  1.3

Action                   || total
-------------------------++-------
 Cast: Sandblast         ||    21
  Use: Potion            ||     3
Dodge: Dodged            ||    11

Table legend: (Time is in decaauts)
 A = Elapsed time spent in this place.
 B = Non-inter-level travel time spent in this place.
 C = Inter-level travel time spent in this place.
 D = Time resting spent in this place.
 E = Time spent auto-exploring this place.
 F = Levels seen in this place.
 G = Mean time per level.
                   A        B        C        D        E       F      G
               +--------+--------+--------+--------+--------+-----+--------+
         Total |    250 |    250 |      0 |     89 |     68 |   1 |  250.0 |
       Dungeon |    250 |    250 |      0 |     89 |     68 |   1 |  250.0 |
               +--------+--------+--------+--------+--------+-----+--------+

Top non-repeatable levels by time:
       D: 250 daAuts
